 Dungeon Sprint DCSS version 0.30-a0-250-g41c1d76940 (webtiles) character file.

Game seed: 18189100960355136109

7500000 ytrimaz the Conqueror (level 27, -27/249 HPs)
             Began as a Demonspawn Monk on Oct 3, 2022.
             Was the Champion of Makhleb.
             Annihilated by a meat berserker
             ... wielding a +9 battleaxe
              (80 damage)
             ... in the Dungeon (Sprint VIII: "Arena of Blood") on Oct 12, 2022.
             The game lasted 00:04:15 (75 turns).

ytrimaz the Conqueror (Demonspawn Monk)               Turns: 75, Time: 00:04:16

Health: -27/249    AC:  7    Str: 13    XL:     27
Magic:  51/51      EV: 45    Int: 13    God:    Makhleb [******]
Gold:   0          SH:  0    Dex: 27    Spells: 75/75 levels left

rFire   . . .      SeeInvis .    i - +∞ Axe of Woe
rCold   . . .      Faith    .    (shield currently unavailable)
rNeg    . . .      Spirit   .    a - +0 robe
rPois   .          Reflect  .    (helmet unavailable)
rElec   .          Harm     .    (no cloak)
rCorr   .          Rampage  .    (no gloves)
Will    ++...      NoTele   +    (no boots)
Stlth   ++++++++++               (no amulet)
HPRegen 0.61/turn                (no ring)
MPRegen 0.32/turn                (no ring)

@: mighty, agile, marked
A: horns 3, icemail 2, powered by pain 3, black mark, sharp scales 3,
condensation shield, bedeviling, aura of silence
a: Renounce Religion, Minor Destruction, Lesser Servant of Makhleb, Major
Destruction, Greater Servant of Makhleb


You were in the Dungeon.
You worshipped Makhleb.
Makhleb was exalted by your worship.
You visited 1 branch


Innate Abilities, Weirdness & Mutations

You have a pair of large horns on your head.
A meltable icy envelope protects you from harm. (AC +0)
You are powered by pain.
Your melee attacks may debilitate your foes.
You are completely covered in razor-sharp scales. (AC +3, Slay +3)
A meltable shield of frost defends you. (SH +0)
Your hexes are more powerful.
You are surrounded by an aura of silence.


   Skills:
 O Level 27 Fighting
 + Level 24.8(27) Short Blades
 + Level 24.9(27) Long Blades
 O Level 27 Axes
 + Level 24.8(27) Maces & Flails
 + Level 24.8(27) Polearms
 + Level 24.8(27) Staves
 + Level 24.8 Ranged Weapons
 + Level 24.7 Throwing
 + Level 24.8 Armour
 O Level 27 Dodging
 + Level 26.8 Stealth
 + Level 24.9 Shields
 + Level 24.9 Unarmed Combat
 + Level 24.8 Spellcasting
 + Level 26.7 Conjurations
 + Level 26.8 Hexes
 + Level 26.7 Summonings
 O Level 27 Necromancy
 + Level 24.8 Translocations
 + Level 24.8 Transmutations
 + Level 24.8 Fire Magic
 + Level 24.8 Ice Magic
 + Level 24.8 Air Magic
 + Level 24.8 Earth Magic
 + Level 26.8 Poison Magic
 O Level 27 Invocations
 + Level 26.7 Evocations


You had 75 spell levels left.
You didn't know any spells.
Your spell library was empty.

Inventory:

Hand Weapons
 i - the +∞ Axe of Woe (weapon)
   (You found it in the Dungeon)
Armour
 a - a +0 robe (worn)
Scrolls
 h - a scroll of blinking
Potions
 b - a potion of ambrosia
 c - a potion of curing
 d - a potion of heal wounds
 e - a potion of haste
 f - 2 potions of magic
 g - a potion of berserk rage

Dungeon Overview and Level Annotations

Branches:
Dungeon (1/1) Zot: 27000

Altars:
Makhleb ...............§.# ......§....M...... #O.......X.§....o. .....M...L........ ....†..OX§W§..... #§W))Loz# M#o

#☼§V))z.#
XXz2o###2o)o)).###...
oOzXLoO@○§###........
VX#oO§Oo§oM_.........
#.oO2O.V#O.o..#......
O.oXoO..#oOOO_#......
#..oXVOO#.Oo○o#......
LO#oo.o...._.oOo.....
o.Xz......###oo......
oLX2###... ..D###...
#.. ..#


You could see 4 accurseds, a tentacled monstrosity (summoned), 4 meat beasts, 5
tyrants, an eight-headed meat hydra, 4 destroyers, 5 sculptors of flesh, 8 large
bags of meat, 9 large abominations, 2 dreads, 10 meat berserkers and 26 bags of
meat.


Message History

You dice the meat berserker like an onion!!!
You pulverise the meat berserker into a thin bloody mist.
You kill the meat berserker!
Makhleb accepts your kill.
You slash the meat berserker!
You dissect the meat berserker like a pig carcass.
You kill the meat berserker!
Makhleb accepts your kill.
You feel better.
You slash the meat berserker!
You hew the meat berserker savagely.
You kill the meat berserker!
Makhleb accepts your kill.
You feel better.
You slice the meat berserker!!
You pulverise the meat berserker into a thin bloody mist.
You blow up the meat berserker!
Makhleb accepts your kill.
You feel better.
The large abomination disappears in a puff of smoke!
The meat berserker rages.
A bag of meat comes into view. It is wielding a +9 war axe. x3
The bag of meat is engulfed in blazing flames.
The destroyer casts a spell at you.
The destroyer blinks!
The destroyer casts a spell at you.
The destroyer blinks!
You hear a shout!
An accursed comes into view.
The destroyer is engulfed in blazing flames.
The accursed casts a spell at you. Something smites you!
The tyrant gestures wildly while chanting.
The tyrant seems to speed up.
The destroyer is engulfed in blazing flames.
The destroyer gestures at you while chanting.
The destroyer blinks!
A destroyer comes into view.
It is wielding a +9 vorpal great sword. 😕 HP[+97]
You regained 97 hp, and now have 187/249 hp.
Unknown command.
Unknown command.
You slash the bag of meat!
You hew the bag of meat savagely.
You kill the bag of meat!
Makhleb accepts your kill.
You feel better.
You cut the destroyer into ribbons!!!
You slaughter the destroyer joyfully.
You destroy the destroyer!
Makhleb accepts your kill.
You feel better.
You hit the bag of meat.
You cleave the bag of meat in twain.
You kill the bag of meat!
Makhleb accepts your kill.
You feel better.
You slice the bag of meat!!
You butcher the bag of meat messily.
You kill the bag of meat!
Makhleb accepts your kill.
The meat beast gurgles, "I will devour thy head!"
The meat berserker is engulfed in blazing flames.
You hear a shout!
A meat berserker comes into view. It is wielding a +9 battleaxe.
The eight-headed meat hydra calls on the powers of darkness!
The eight-headed meat hydra convulses!
The meat berserker convulses!
The bag of meat convulses! x8
Your body is wracked with pain!
The meat berserker convulses! x3; The bag of meat convulses! x3
The large bag of meat convulses!
Flame seeps out of the large bag of meat.
The eight-headed meat hydra calls on the powers of darkness!
The eight-headed meat hydra convulses!
The bag of meat convulses! x2
The meat berserker convulses!
The bag of meat convulses! x2
The large bag of meat convulses!
Flame seeps out of the large bag of meat.
The large bag of meat convulses!
Flame seeps out of the large bag of meat.
The meat berserker convulses!
The large bag of meat convulses!
Flame seeps out of the large bag of meat.
The bag of meat convulses! x3; The meat berserker convulses!
Your body is wracked with pain!
* * * LOW HITPOINT WARNING * * *
An accursed comes into view.
You hear a shout!
The tyrant waves its bony arms in wide circles.
The air twists around and strikes you!
* * * LOW HITPOINT WARNING * * *
You hear an explosion!
The fiery explosion engulfs the bag of meat!!
The bag of meat dies!
The fiery explosion engulfs the dread!!
A tyrant comes into view.
The meat beast is engulfed in blazing flames.
A bag of meat comes into view. It is wielding a +9 war axe.
The large bag of meat is engulfed in blazing flames.
The bag of meat is engulfed in blazing flames.
A sculptor of flesh comes into view. It is wielding a +9 great sword.
You hear an explosion!
The fiery explosion engulfs the eight-headed meat hydra!!
The eight-headed meat hydra dies!
The fiery explosion engulfs the accursed!!!
The fiery explosion engulfs the bag of meat!!
The bag of meat dies!
The meat berserker hits you with a +9 battleaxe!!!!
You die...

Skill      XL: |  1  2  3  4  5  6  7  8  9 10 11 12 13 14 15 16 17 18 19 20 21 22 23 24 25 26 27 |
---------------+----------------------------------------------------------------------------------+-----
Fighting       | 15 20 22 25 27 | 27.0
Axes           | 13 18 20 23 27 | 27.0
Dodging        | 14 18 21 23 27 | 27.0
Short Blades   | 2 4 7 9 11 13 14 16 18 19 21 22 24 | 24.8
Long Blades    | 2 4 7 9 11 13 14 16 18 19 21 22 24 | 24.9
Maces & Flails | 2 4 7 9 11 13 14 16 18 19 21 22 24 | 24.8
Polearms       | 2 4 7 9 11 13 14 16 18 19 21 22 24 | 24.8
Staves         | 2 4 7 9 11 13 14 16 18 19 21 22 24 | 24.8
Ranged Weapons | 2 4 7 9 11 13 14 16 18 19 21 22 24 | 24.8
Armour         | 2 4 7 9 11 13 14 16 18 19 21 22 24 | 24.8
Stealth        | 3 5 8 10 12 14 16 17 19 21 22 24 26 | 26.8
Shields        | 2 4 7 9 11 13 14 16 18 19 21 22 24 | 24.9
Unarmed Combat | 3 5 8 9 11 13 14 16 18 19 21 22 24 | 24.9
Spellcasting   | 2 4 7 9 11 13 14 16 18 19 21 22 24 | 24.8
Conjurations   | 2 5 8 10 12 14 15 17 19 21 22 24 26 | 26.7
Hexes          | 2 5 8 10 12 14 15 17 19 21 22 24 26 | 26.8
Summonings     | 2 5 8 10 12 14 15 17 19 21 22 24 26 | 26.7
Necromancy     | 3 5 9 11 13 15 17 19 21 22 24 25 27 | 27.0
Translocations | 2 4 7 9 11 13 14 16 18 19 21 22 24 | 24.8
Transmutations | 2 4 7 9 11 13 14 16 18 19 21 22 24 | 24.8
Fire Magic     | 2 4 7 9 11 13 14 16 18 19 21 22 24 | 24.8
Ice Magic      | 2 4 7 9 11 13 14 16 18 19 21 22 24 | 24.8
Air Magic      | 2 4 7 9 11 13 14 16 18 19 21 22 24 | 24.8
Earth Magic    | 2 4 7 9 11 13 14 16 18 19 21 22 24 | 24.8
Poison Magic   | 2 5 8 10 12 14 15 17 19 21 22 24 26 | 26.8
Invocations    | 3 6 10 13 16 18 20 22 24 26 27 | 27.0
Evocations     | 2 5 8 10 12 14 15 17 19 21 22 24 26 | 26.7
Throwing       | 3 6 9 11 12 14 16 17 19 20 22 24 | 24.7

Action                   |  1- 3 |  4- 6 |  7- 9 | 10-12 | 13-15 | 16-18 | 19-21 | 22-24 | 25-27 || total
-------------------------+-------+-------+-------+-------+-------+-------+-------+-------+-------++-------
Melee: Executioner's axe |     1 |       |       |     1 |     6 |    11 |     8 |    12 |    13 ||    52
Dodge: Dodged            |       |       |       |     1 |     1 |       |       |     1 |     1 ||     4

Levels and vault maps discovered:
D:        meatsprint

Notes
Turn   | Place    | Note
-------+----------+-------------------------------------------
     0 | D        | Found the +∞ Axe of Woe
     0 | D        | ytrimaz the Demonspawn Monk began the quest for the Orb.
     0 | D        | Reached XP level 1. HP: 18/18 MP: 1/1
     0 | D        | magus.rc [v1.9.6]
     1 | D        | Noticed a bag of meat
     3 | D        | Became a worshipper of Makhleb the Destroyer
     3 | D        | Reached * piety under Makhleb
     3 | D        | Reached ** piety under Makhleb
     8 | D        | Noticed a bag of meat
     8 | D        | Noticed a bag of meat
     8 | D        | Noticed a meat berserker
     8 | D        | Noticed a bag of meat
     9 | D        | Killed a bag of meat
     9 | D        | Noticed a meat berserker
     9 | D        | Noticed a large bag of meat
    10 | D        | Reached skill level 15 in Fighting
    10 | D        | Reached skill level 13 in Axes
    10 | D        | Reached skill level 14 in Dodging
    10 | D        | Gained mutation: You are partially covered in razor-sharp
                  | scales. (AC +1, Slay +1) [demonic ancestry]
    10 | D        | Reached XP level 2. HP: 44/44 MP: 2/2
    10 | D        | Gained mutation: You have a pair of small horns on your
                  | head. [demonic ancestry]
    10 | D        | Reached XP level 3. HP: 50/50 MP: 3/3
    10 | D        | Reached XP level 4. HP: 57/57 MP: 4/4
    10 | D        | Reached XP level 5. HP: 63/63 MP: 5/5
    10 | D        | Reached XP level 6. HP: 70/70 MP: 6/6
    10 | D        | Reached XP level 7. HP: 76/76 MP: 7/7
    10 | D        | Reached XP level 8. HP: 83/83 MP: 8/8
    10 | D        | Gained mutation: You sometimes gain a little power by
                  | taking damage. [demonic ancestry]
    10 | D        | Reached XP level 9. HP: 89/89 MP: 9/9
    10 | D        | Reached XP level 10. HP: 97/97 MP: 10/10
    10 | D        | Noticed a bag of meat
    10 | D        | Noticed a bag of meat
    11 | D        | Noticed a bag of meat
    11 | D        | Noticed a large bag of meat
    12 | D        | Killed a meat berserker
    12 | D        | Killed a bag of meat
    13 | D        | Reached skill level 20 in Fighting
    13 | D        | Reached skill level 18 in Axes
    13 | D        | Reached skill level 18 in Dodging
    13 | D        | Gained mutation: You have a pair of horns on your head.
                  | [demonic ancestry]
    13 | D        | Reached XP level 11. HP: 113/113 MP: 11/11
    13 | D        | Reached XP level 12. HP: 121/121 MP: 12/12
    13 | D        | Gained mutation: You are mostly covered in razor-sharp
                  | scales. (AC +2, Slay +2) [demonic ancestry]
    13 | D        | Reached XP level 13. HP: 127/127 MP: 13/13
    13 | D        | Killed a bag of meat
    13 | D        | Reached *** piety under Makhleb
    13 | D        | Noticed a bag of meat
    14 | D        | Reached skill level 21 in Fighting
    14 | D        | Reached skill level 19 in Axes
    14 | D        | Reached skill level 19 in Dodging
    14 | D        | Killed a meat berserker
    14 | D        | Noticed a bag of meat
    15 | D        | Reached skill level 22 in Fighting
    15 | D        | Reached skill level 20 in Axes
    15 | D        | Reached skill level 21 in Dodging
    15 | D        | Reached XP level 14. HP: 141/141 MP: 14/14
    15 | D        | Noticed a bag of meat
    16 | D        | Killed a bag of meat
    16 | D        | Killed a large bag of meat
    16 | D        | Reached **** piety under Makhleb
    16 | D        | Killed a bag of meat
    16 | D        | Noticed a meat berserker
    17 | D        | Reached skill level 25 in Fighting
    17 | D        | Reached skill level 23 in Axes
    17 | D        | Reached skill level 23 in Dodging
    17 | D        | Gained mutation: A meltable shield of frost defends you.
                  | (SH +0) [demonic ancestry]
    17 | D        | Reached XP level 15. HP: 104/155 MP: 15/15
    17 | D        | Noticed a meat berserker
    18 | D        | Killed a large bag of meat
    18 | D        | Reached ***** piety under Makhleb
    19 | D        | Reached skill level 27 in Fighting
    19 | D        | Reached skill level 25 in Axes
    19 | D        | Reached skill level 25 in Dodging
    20 | D        | Noticed a meat berserker
    20 | D        | Noticed a meat berserker
    21 | D        | Killed a meat berserker
    21 | D        | Killed a meat berserker
    22 | D        | Reached skill level 27 in Axes
    22 | D        | Reached skill level 27 in Dodging
    22 | D        | Reached skill level 2 in Short Blades
    22 | D        | Reached skill level 2 in Long Blades
    22 | D        | Reached skill level 2 in Maces & Flails
    22 | D        | Reached skill level 2 in Polearms
    22 | D        | Reached skill level 2 in Staves
    22 | D        | Reached skill level 2 in Ranged Weapons
    22 | D        | Reached skill level 2 in Armour
    22 | D        | Reached skill level 3 in Stealth
    22 | D        | Reached skill level 2 in Shields
    22 | D        | Reached skill level 3 in Unarmed Combat
    22 | D        | Reached skill level 2 in Spellcasting
    22 | D        | Reached skill level 2 in Conjurations
    22 | D        | Reached skill level 2 in Hexes
    22 | D        | Reached skill level 2 in Summonings
    22 | D        | Reached skill level 3 in Necromancy
    22 | D        | Reached skill level 2 in Translocations
    22 | D        | Reached skill level 2 in Transmutations
    22 | D        | Reached skill level 2 in Fire Magic
    22 | D        | Reached skill level 2 in Ice Magic
    22 | D        | Reached skill level 2 in Air Magic
    22 | D        | Reached skill level 2 in Earth Magic
    22 | D        | Reached skill level 2 in Poison Magic
    22 | D        | Reached skill level 3 in Invocations
    22 | D        | Reached skill level 2 in Evocations
    22 | D        | Gained mutation: You are completely covered in razor-sharp
                  | scales. (AC +3, Slay +3) [demonic ancestry]
    22 | D        | Reached XP level 16. HP: 167/167 MP: 15/19
    23 | D        | Reached skill level 3 in Short Blades
    23 | D        | Reached skill level 3 in Long Blades
    23 | D        | Reached skill level 3 in Maces & Flails
    23 | D        | Reached skill level 3 in Polearms
    23 | D        | Reached skill level 3 in Staves
    23 | D        | Reached skill level 3 in Ranged Weapons
    23 | D        | Reached skill level 1 in Throwing
    23 | D        | Reached skill level 3 in Armour
    23 | D        | Reached skill level 4 in Stealth
    23 | D        | Reached skill level 3 in Shields
    23 | D        | Reached skill level 4 in Unarmed Combat
    23 | D        | Reached skill level 3 in Spellcasting
    23 | D        | Reached skill level 3 in Conjurations
    23 | D        | Reached skill level 3 in Hexes
    23 | D        | Reached skill level 3 in Summonings
    23 | D        | Reached skill level 3 in Translocations
    23 | D        | Reached skill level 3 in Transmutations
    23 | D        | Reached skill level 3 in Fire Magic
    23 | D        | Reached skill level 3 in Ice Magic
    23 | D        | Reached skill level 3 in Air Magic
    23 | D        | Reached skill level 3 in Earth Magic
    23 | D        | Reached skill level 3 in Poison Magic
    23 | D        | Reached skill level 4 in Invocations
    23 | D        | Reached skill level 3 in Evocations
    24 | D        | Reached skill level 2 in Throwing
    24 | D        | Reached skill level 4 in Conjurations
    24 | D        | Reached skill level 4 in Hexes
    24 | D        | Reached skill level 4 in Summonings
    24 | D        | Reached skill level 4 in Necromancy
    24 | D        | Reached skill level 4 in Poison Magic
    24 | D        | Reached skill level 5 in Invocations
    24 | D        | Reached skill level 4 in Evocations
    24 | D        | Killed a meat berserker
    24 | D        | Noticed a meat berserker
    24 | D        | Noticed a meat berserker
    25 | D        | Reached skill level 4 in Short Blades
    25 | D        | Reached skill level 4 in Long Blades
    25 | D        | Reached skill level 4 in Maces & Flails
    25 | D        | Reached skill level 4 in Polearms
    25 | D        | Reached skill level 4 in Staves
    25 | D        | Reached skill level 4 in Ranged Weapons
    25 | D        | Reached skill level 3 in Throwing
    25 | D        | Reached skill level 4 in Armour
    25 | D        | Reached skill level 5 in Stealth
    25 | D        | Reached skill level 4 in Shields
    25 | D        | Reached skill level 5 in Unarmed Combat
    25 | D        | Reached skill level 4 in Spellcasting
    25 | D        | Reached skill level 5 in Conjurations
    25 | D        | Reached skill level 5 in Hexes
    25 | D        | Reached skill level 5 in Summonings
    25 | D        | Reached skill level 5 in Necromancy
    25 | D        | Reached skill level 4 in Translocations
    25 | D        | Reached skill level 4 in Transmutations
    25 | D        | Reached skill level 4 in Fire Magic
    25 | D        | Reached skill level 4 in Ice Magic
    25 | D        | Reached skill level 4 in Air Magic
    25 | D        | Reached skill level 4 in Earth Magic
    25 | D        | Reached skill level 5 in Poison Magic
    25 | D        | Reached skill level 6 in Invocations
    25 | D        | Reached skill level 5 in Evocations
    25 | D        | Gained mutation: You have a pair of large horns on your
                  | head. [demonic ancestry]
    25 | D        | Reached XP level 17. HP: 174/174 MP: 15/23
    25 | D        | Noticed a large bag of meat
    26 | D        | Reached skill level 5 in Short Blades
    26 | D        | Reached skill level 5 in Long Blades
    26 | D        | Reached skill level 5 in Maces & Flails
    26 | D        | Reached skill level 5 in Polearms
    26 | D        | Reached skill level 5 in Staves
    26 | D        | Reached skill level 5 in Ranged Weapons
    26 | D        | Reached skill level 4 in Throwing
    26 | D        | Reached skill level 5 in Armour
    26 | D        | Reached skill level 6 in Stealth
    26 | D        | Reached skill level 5 in Shields
    26 | D        | Reached skill level 5 in Spellcasting
    26 | D        | Reached skill level 6 in Necromancy
    26 | D        | Reached skill level 5 in Translocations
    26 | D        | Reached skill level 5 in Transmutations
    26 | D        | Reached skill level 5 in Fire Magic
    26 | D        | Reached skill level 5 in Ice Magic
    26 | D        | Reached skill level 5 in Air Magic
    26 | D        | Reached skill level 5 in Earth Magic
    26 | D        | Reached skill level 7 in Invocations
    26 | D        | Noticed a destroyer
    26 | D        | Killed a meat berserker
    27 | D        | Reached skill level 5 in Throwing
    27 | D        | Reached skill level 6 in Unarmed Combat
    27 | D        | Reached skill level 6 in Conjurations
    27 | D        | Reached skill level 6 in Hexes
    27 | D        | Reached skill level 6 in Summonings
    27 | D        | Reached skill level 6 in Poison Magic
    27 | D        | Reached skill level 8 in Invocations
    27 | D        | Reached skill level 6 in Evocations
    27 | D        | Noticed a meat berserker
    28 | D        | Killed a destroyer
    28 | D        | Reached ****** piety under Makhleb
    29 | D        | Reached skill level 6 in Short Blades
    29 | D        | Reached skill level 6 in Long Blades
    29 | D        | Reached skill level 6 in Maces & Flails
    29 | D        | Reached skill level 6 in Polearms
    29 | D        | Reached skill level 6 in Staves
    29 | D        | Reached skill level 6 in Ranged Weapons
    29 | D        | Reached skill level 6 in Throwing
    29 | D        | Reached skill level 6 in Armour
    29 | D        | Reached skill level 7 in Stealth
    29 | D        | Reached skill level 6 in Shields
    29 | D        | Reached skill level 7 in Unarmed Combat
    29 | D        | Reached skill level 6 in Spellcasting
    29 | D        | Reached skill level 7 in Conjurations
    29 | D        | Reached skill level 7 in Hexes
    29 | D        | Reached skill level 7 in Summonings
    29 | D        | Reached skill level 8 in Necromancy
    29 | D        | Reached skill level 6 in Translocations
    29 | D        | Reached skill level 6 in Transmutations
    29 | D        | Reached skill level 6 in Fire Magic
    29 | D        | Reached skill level 6 in Ice Magic
    29 | D        | Reached skill level 6 in Air Magic
    29 | D        | Reached skill level 6 in Earth Magic
    29 | D        | Reached skill level 7 in Poison Magic
    29 | D        | Reached skill level 9 in Invocations
    29 | D        | Reached skill level 7 in Evocations
    29 | D        | Killed a large bag of meat
    29 | D        | Noticed a large bag of meat
    30 | D        | Reached skill level 7 in Short Blades
    30 | D        | Reached skill level 7 in Long Blades
    30 | D        | Reached skill level 7 in Maces & Flails
    30 | D        | Reached skill level 7 in Polearms
    30 | D        | Reached skill level 7 in Staves
    30 | D        | Reached skill level 7 in Ranged Weapons
    30 | D        | Reached skill level 7 in Armour
    30 | D        | Reached skill level 8 in Stealth
    30 | D        | Reached skill level 7 in Shields
    30 | D        | Reached skill level 8 in Unarmed Combat
    30 | D        | Reached skill level 7 in Spellcasting
    30 | D        | Reached skill level 8 in Conjurations
    30 | D        | Reached skill level 8 in Hexes
    30 | D        | Reached skill level 8 in Summonings
    30 | D        | Reached skill level 9 in Necromancy
    30 | D        | Reached skill level 7 in Translocations
    30 | D        | Reached skill level 7 in Transmutations
    30 | D        | Reached skill level 7 in Fire Magic
    30 | D        | Reached skill level 7 in Ice Magic
    30 | D        | Reached skill level 7 in Air Magic
    30 | D        | Reached skill level 7 in Earth Magic
    30 | D        | Reached skill level 8 in Poison Magic
    30 | D        | Reached skill level 10 in Invocations
    30 | D        | Reached skill level 8 in Evocations
    30 | D        | Reached XP level 18. HP: 163/182 MP: 16/29
    30 | D        | Killed a meat berserker
    31 | D        | Reached skill level 8 in Short Blades
    31 | D        | Reached skill level 8 in Long Blades
    31 | D        | Reached skill level 8 in Maces & Flails
    31 | D        | Reached skill level 8 in Polearms
    31 | D        | Reached skill level 8 in Staves
    31 | D        | Reached skill level 8 in Ranged Weapons
    31 | D        | Reached skill level 7 in Throwing
    31 | D        | Reached skill level 8 in Armour
    31 | D        | Reached skill level 9 in Stealth
    31 | D        | Reached skill level 8 in Shields
    31 | D        | Reached skill level 8 in Spellcasting
    31 | D        | Reached skill level 9 in Conjurations
    31 | D        | Reached skill level 9 in Hexes
    31 | D        | Reached skill level 9 in Summonings
    31 | D        | Reached skill level 8 in Translocations
    31 | D        | Reached skill level 8 in Transmutations
    31 | D        | Reached skill level 8 in Fire Magic
    31 | D        | Reached skill level 8 in Ice Magic
    31 | D        | Reached skill level 8 in Air Magic
    31 | D        | Reached skill level 8 in Earth Magic
    31 | D        | Reached skill level 9 in Poison Magic
    31 | D        | Reached skill level 11 in Invocations
    31 | D        | Reached skill level 9 in Evocations
    31 | D        | Noticed a meat berserker
    31 | D        | Killed a meat berserker
    31 | D        | Noticed a meat berserker
    32 | D        | Reached skill level 8 in Throwing
    32 | D        | Reached skill level 9 in Unarmed Combat
    32 | D        | Reached skill level 10 in Necromancy
    32 | D        | Reached skill level 12 in Invocations
    32 | D        | Noticed a destroyer
    32 | D        | Noticed a meat berserker
    32 | D        | Noticed a meat berserker
    33 | D        | Noticed a meat berserker
    33 | D        | Noticed a large bag of meat
    34 | D        | Killed a meat berserker
    35 | D        | Reached skill level 9 in Short Blades
    35 | D        | Reached skill level 9 in Long Blades
    35 | D        | Reached skill level 9 in Maces & Flails
    35 | D        | Reached skill level 9 in Polearms
    35 | D        | Reached skill level 9 in Staves
    35 | D        | Reached skill level 9 in Ranged Weapons
    35 | D        | Reached skill level 9 in Armour
    35 | D        | Reached skill level 10 in Stealth
    35 | D        | Reached skill level 9 in Shields
    35 | D        | Reached skill level 9 in Spellcasting
    35 | D        | Reached skill level 10 in Conjurations
    35 | D        | Reached skill level 10 in Hexes
    35 | D        | Reached skill level 10 in Summonings
    35 | D        | Reached skill level 9 in Translocations
    35 | D        | Reached skill level 9 in Transmutations
    35 | D        | Reached skill level 9 in Fire Magic
    35 | D        | Reached skill level 9 in Ice Magic
    35 | D        | Reached skill level 9 in Air Magic
    35 | D        | Reached skill level 9 in Earth Magic
    35 | D        | Reached skill level 10 in Poison Magic
    35 | D        | Reached skill level 10 in Evocations
    36 | D        | Reached skill level 9 in Throwing
    36 | D        | Reached skill level 11 in Necromancy
    36 | D        | Reached skill level 13 in Invocations
    36 | D        | Gained mutation: A meltable icy envelope protects you from
                  | harm. (AC +0) [demonic ancestry]
    36 | D        | Reached XP level 19. HP: 189/189 MP: 17/32
    36 | D        | Killed a meat berserker
    36 | D        | Killed a meat berserker
    37 | D        | Reached skill level 10 in Short Blades
    37 | D        | Reached skill level 10 in Long Blades
    37 | D        | Reached skill level 10 in Maces & Flails
    37 | D        | Reached skill level 10 in Polearms
    37 | D        | Reached skill level 10 in Staves
    37 | D        | Reached skill level 10 in Ranged Weapons
    37 | D        | Reached skill level 10 in Throwing
    37 | D        | Reached skill level 10 in Armour
    37 | D        | Reached skill level 11 in Stealth
    37 | D        | Reached skill level 10 in Shields
    37 | D        | Reached skill level 10 in Unarmed Combat
    37 | D        | Reached skill level 10 in Spellcasting
    37 | D        | Reached skill level 11 in Conjurations
    37 | D        | Reached skill level 11 in Hexes
    37 | D        | Reached skill level 11 in Summonings
    37 | D        | Reached skill level 12 in Necromancy
    37 | D        | Reached skill level 10 in Translocations
    37 | D        | Reached skill level 10 in Transmutations
    37 | D        | Reached skill level 10 in Fire Magic
    37 | D        | Reached skill level 10 in Ice Magic
    37 | D        | Reached skill level 10 in Air Magic
    37 | D        | Reached skill level 10 in Earth Magic
    37 | D        | Reached skill level 11 in Poison Magic
    37 | D        | Reached skill level 14 in Invocations
    37 | D        | Reached skill level 11 in Evocations
    37 | D        | Killed a meat berserker
    37 | D        | Killed a large bag of meat
    38 | D        | Reached skill level 11 in Short Blades
    38 | D        | Reached skill level 11 in Long Blades
    38 | D        | Reached skill level 11 in Maces & Flails
    38 | D        | Reached skill level 11 in Polearms
    38 | D        | Reached skill level 11 in Staves
    38 | D        | Reached skill level 11 in Ranged Weapons
    38 | D        | Reached skill level 11 in Armour
    38 | D        | Reached skill level 12 in Stealth
    38 | D        | Reached skill level 11 in Shields
    38 | D        | Reached skill level 11 in Unarmed Combat
    38 | D        | Reached skill level 11 in Spellcasting
    38 | D        | Reached skill level 12 in Conjurations
    38 | D        | Reached skill level 12 in Hexes
    38 | D        | Reached skill level 12 in Summonings
    38 | D        | Reached skill level 13 in Necromancy
    38 | D        | Reached skill level 11 in Translocations
    38 | D        | Reached skill level 11 in Transmutations
    38 | D        | Reached skill level 11 in Fire Magic
    38 | D        | Reached skill level 11 in Ice Magic
    38 | D        | Reached skill level 11 in Air Magic
    38 | D        | Reached skill level 11 in Earth Magic
    38 | D        | Reached skill level 12 in Poison Magic
    38 | D        | Reached skill level 15 in Invocations
    38 | D        | Reached skill level 12 in Evocations
    38 | D        | Noticed a destroyer
    39 | D        | Killed a meat berserker
    39 | D        | Noticed a meat berserker
    40 | D        | Reached skill level 11 in Throwing
    40 | D        | Reached skill level 16 in Invocations
    40 | D        | Gained mutation: Your hexes are more powerful. [demonic
                  | ancestry]
    40 | D        | Reached XP level 20. HP: 197/197 MP: 24/35
    40 | D        | Killed a destroyer
    40 | D        | Killed a meat berserker
    41 | D        | Reached skill level 12 in Short Blades
    41 | D        | Reached skill level 12 in Long Blades
    41 | D        | Reached skill level 12 in Maces & Flails
    41 | D        | Reached skill level 12 in Polearms
    41 | D        | Reached skill level 12 in Staves
    41 | D        | Reached skill level 12 in Ranged Weapons
    41 | D        | Reached skill level 12 in Throwing
    41 | D        | Reached skill level 12 in Armour
    41 | D        | Reached skill level 13 in Stealth
    41 | D        | Reached skill level 12 in Shields
    41 | D        | Reached skill level 12 in Unarmed Combat
    41 | D        | Reached skill level 12 in Spellcasting
    41 | D        | Reached skill level 13 in Conjurations
    41 | D        | Reached skill level 13 in Hexes
    41 | D        | Reached skill level 13 in Summonings
    41 | D        | Reached skill level 14 in Necromancy
    41 | D        | Reached skill level 12 in Translocations
    41 | D        | Reached skill level 12 in Transmutations
    41 | D        | Reached skill level 12 in Fire Magic
    41 | D        | Reached skill level 12 in Ice Magic
    41 | D        | Reached skill level 12 in Air Magic
    41 | D        | Reached skill level 12 in Earth Magic
    41 | D        | Reached skill level 13 in Poison Magic
    41 | D        | Reached skill level 17 in Invocations
    41 | D        | Reached skill level 13 in Evocations
    41 | D        | Noticed a destroyer
    43 | D        | Reached skill level 14 in Stealth
    43 | D        | Reached skill level 13 in Unarmed Combat
    43 | D        | Reached skill level 15 in Necromancy
    44 | D        | Reached skill level 13 in Short Blades
    44 | D        | Reached skill level 13 in Long Blades
    44 | D        | Reached skill level 13 in Maces & Flails
    44 | D        | Reached skill level 13 in Polearms
    44 | D        | Reached skill level 13 in Staves
    44 | D        | Reached skill level 13 in Ranged Weapons
    44 | D        | Reached skill level 13 in Armour
    44 | D        | Reached skill level 13 in Shields
    44 | D        | Reached skill level 13 in Spellcasting
    44 | D        | Reached skill level 14 in Conjurations
    44 | D        | Reached skill level 14 in Hexes
    44 | D        | Reached skill level 14 in Summonings
    44 | D        | Reached skill level 13 in Translocations
    44 | D        | Reached skill level 13 in Transmutations
    44 | D        | Reached skill level 13 in Fire Magic
    44 | D        | Reached skill level 13 in Ice Magic
    44 | D        | Reached skill level 13 in Air Magic
    44 | D        | Reached skill level 13 in Earth Magic
    44 | D        | Reached skill level 14 in Poison Magic
    44 | D        | Reached skill level 18 in Invocations
    44 | D        | Reached skill level 14 in Evocations
    44 | D        | Gained mutation: You sometimes gain power by taking damage.
                  | [demonic ancestry]
    44 | D        | Reached XP level 21. HP: 204/204 MP: 25/38
    45 | D        | Reached skill level 13 in Throwing
    45 | D        | Reached skill level 15 in Stealth
    45 | D        | Reached skill level 14 in Unarmed Combat
    45 | D        | Reached skill level 15 in Conjurations
    45 | D        | Reached skill level 15 in Hexes
    45 | D        | Reached skill level 15 in Summonings
    45 | D        | Reached skill level 16 in Necromancy
    45 | D        | Reached skill level 15 in Poison Magic
    45 | D        | Reached skill level 19 in Invocations
    45 | D        | Reached skill level 15 in Evocations
    45 | D        | Killed a destroyer
    45 | D        | Killed a large bag of meat
    46 | D        | Reached skill level 14 in Short Blades
    46 | D        | Reached skill level 14 in Long Blades
    46 | D        | Reached skill level 14 in Maces & Flails
    46 | D        | Reached skill level 14 in Polearms
    46 | D        | Reached skill level 14 in Staves
    46 | D        | Reached skill level 14 in Ranged Weapons
    46 | D        | Reached skill level 14 in Throwing
    46 | D        | Reached skill level 14 in Armour
    46 | D        | Reached skill level 16 in Stealth
    46 | D        | Reached skill level 14 in Shields
    46 | D        | Reached skill level 14 in Spellcasting
    46 | D        | Reached skill level 17 in Necromancy
    46 | D        | Reached skill level 14 in Translocations
    46 | D        | Reached skill level 14 in Transmutations
    46 | D        | Reached skill level 14 in Fire Magic
    46 | D        | Reached skill level 14 in Ice Magic
    46 | D        | Reached skill level 14 in Air Magic
    46 | D        | Reached skill level 14 in Earth Magic
    46 | D        | Reached skill level 20 in Invocations
    46 | D        | Gained mutation: You are powered by pain. [demonic
                  | ancestry]
    46 | D        | Reached XP level 22. HP: 162/212 MP: 37/40
    46 | D        | Noticed a large bag of meat
    46 | D        | Noticed a destroyer
    47 | D        | Noticed a destroyer
    49 | D        | Reached skill level 15 in Short Blades
    49 | D        | Reached skill level 15 in Long Blades
    49 | D        | Reached skill level 15 in Maces & Flails
    49 | D        | Reached skill level 15 in Polearms
    49 | D        | Reached skill level 15 in Staves
    49 | D        | Reached skill level 15 in Ranged Weapons
    49 | D        | Reached skill level 15 in Armour
    49 | D        | Reached skill level 15 in Shields
    49 | D        | Reached skill level 15 in Unarmed Combat
    49 | D        | Reached skill level 15 in Spellcasting
    49 | D        | Reached skill level 16 in Conjurations
    49 | D        | Reached skill level 16 in Hexes
    49 | D        | Reached skill level 16 in Summonings
    49 | D        | Reached skill level 15 in Translocations
    49 | D        | Reached skill level 15 in Transmutations
    49 | D        | Reached skill level 15 in Fire Magic
    49 | D        | Reached skill level 15 in Ice Magic
    49 | D        | Reached skill level 15 in Air Magic
    49 | D        | Reached skill level 15 in Earth Magic
    49 | D        | Reached skill level 16 in Poison Magic
    49 | D        | Reached skill level 16 in Evocations
    49 | D        | Noticed a large bag of meat
    50 | D        | Noticed a destroyer
    50 | D        | Noticed a tyrant
    51 | D        | Reached skill level 15 in Throwing
    51 | D        | Reached skill level 17 in Stealth
    51 | D        | Reached skill level 17 in Conjurations
    51 | D        | Reached skill level 17 in Hexes
    51 | D        | Reached skill level 17 in Summonings
    51 | D        | Reached skill level 18 in Necromancy
    51 | D        | Reached skill level 17 in Poison Magic
    51 | D        | Reached skill level 21 in Invocations
    51 | D        | Reached skill level 17 in Evocations
    52 | D        | Reached skill level 16 in Unarmed Combat
    53 | D        | Noticed a tyrant
    54 | D        | Reached skill level 16 in Short Blades
    54 | D        | Reached skill level 16 in Long Blades
    54 | D        | Reached skill level 16 in Maces & Flails
    54 | D        | Reached skill level 16 in Polearms
    54 | D        | Reached skill level 16 in Staves
    54 | D        | Reached skill level 16 in Ranged Weapons
    54 | D        | Reached skill level 16 in Throwing
    54 | D        | Reached skill level 16 in Armour
    54 | D        | Reached skill level 16 in Shields
    54 | D        | Reached skill level 16 in Spellcasting
    54 | D        | Reached skill level 19 in Necromancy
    54 | D        | Reached skill level 16 in Translocations
    54 | D        | Reached skill level 16 in Transmutations
    54 | D        | Reached skill level 16 in Fire Magic
    54 | D        | Reached skill level 16 in Ice Magic
    54 | D        | Reached skill level 16 in Air Magic
    54 | D        | Reached skill level 16 in Earth Magic
    54 | D        | Reached skill level 22 in Invocations
    54 | D        | Gained mutation: Your melee attacks may debilitate your
                  | foes. [demonic ancestry]
    54 | D        | Reached XP level 23. HP: 219/219 MP: 41/43
    55 | D        | Reached skill level 18 in Stealth
    55 | D        | Reached skill level 18 in Conjurations
    55 | D        | Reached skill level 18 in Hexes
    55 | D        | Reached skill level 18 in Summonings
    55 | D        | Reached skill level 18 in Poison Magic
    55 | D        | Reached skill level 18 in Evocations
    55 | D        | Killed a large bag of meat
    55 | D        | Killed a destroyer
    56 | D        | Reached skill level 17 in Short Blades
    56 | D        | Reached skill level 17 in Long Blades
    56 | D        | Reached skill level 17 in Maces & Flails
    56 | D        | Reached skill level 17 in Polearms
    56 | D        | Reached skill level 17 in Staves
    56 | D        | Reached skill level 17 in Ranged Weapons
    56 | D        | Reached skill level 17 in Armour
    56 | D        | Reached skill level 17 in Shields
    56 | D        | Reached skill level 17 in Unarmed Combat
    56 | D        | Reached skill level 17 in Spellcasting
    56 | D        | Reached skill level 20 in Necromancy
    56 | D        | Reached skill level 17 in Translocations
    56 | D        | Reached skill level 17 in Transmutations
    56 | D        | Reached skill level 17 in Fire Magic
    56 | D        | Reached skill level 17 in Ice Magic
    56 | D        | Reached skill level 17 in Air Magic
    56 | D        | Reached skill level 17 in Earth Magic
    56 | D        | Reached skill level 23 in Invocations
    57 | D        | Noticed a destroyer
    58 | D        | Reached skill level 17 in Throwing
    58 | D        | Reached skill level 19 in Stealth
    58 | D        | Reached skill level 19 in Conjurations
    58 | D        | Reached skill level 19 in Hexes
    58 | D        | Reached skill level 19 in Summonings
    58 | D        | Reached skill level 19 in Poison Magic
    58 | D        | Reached skill level 24 in Invocations
    58 | D        | Reached skill level 19 in Evocations
    58 | D        | Killed a large bag of meat
    58 | D        | Noticed The Captor
    58 | D        | Noticed a destroyer
    59 | D        | Reached skill level 18 in Short Blades
    59 | D        | Reached skill level 18 in Long Blades
    59 | D        | Reached skill level 18 in Maces & Flails
    59 | D        | Reached skill level 18 in Polearms
    59 | D        | Reached skill level 18 in Staves
    59 | D        | Reached skill level 18 in Ranged Weapons
    59 | D        | Reached skill level 18 in Armour
    59 | D        | Reached skill level 18 in Shields
    59 | D        | Reached skill level 18 in Unarmed Combat
    59 | D        | Reached skill level 18 in Spellcasting
    59 | D        | Reached skill level 21 in Necromancy
    59 | D        | Reached skill level 18 in Translocations
    59 | D        | Reached skill level 18 in Transmutations
    59 | D        | Reached skill level 18 in Fire Magic
    59 | D        | Reached skill level 18 in Ice Magic
    59 | D        | Reached skill level 18 in Air Magic
    59 | D        | Reached skill level 18 in Earth Magic
    59 | D        | Reached XP level 24. HP: 166/227 MP: 44/45
    59 | D        | Killed a destroyer
    59 | D        | Killed a destroyer
    59 | D        | Noticed a large bag of meat
    60 | D        | Reached skill level 18 in Throwing
    60 | D        | Reached skill level 20 in Stealth
    60 | D        | Reached skill level 20 in Conjurations
    60 | D        | Reached skill level 20 in Hexes
    60 | D        | Reached skill level 20 in Summonings
    60 | D        | Reached skill level 20 in Poison Magic
    60 | D        | Reached skill level 25 in Invocations
    60 | D        | Reached skill level 20 in Evocations
    60 | D        | Killed a destroyer
    60 | D        | Noticed an accursed
    61 | D        | Reached skill level 19 in Short Blades
    61 | D        | Reached skill level 19 in Long Blades
    61 | D        | Reached skill level 19 in Maces & Flails
    61 | D        | Reached skill level 19 in Polearms
    61 | D        | Reached skill level 19 in Staves
    61 | D        | Reached skill level 19 in Ranged Weapons
    61 | D        | Reached skill level 19 in Armour
    61 | D        | Reached skill level 19 in Shields
    61 | D        | Reached skill level 19 in Unarmed Combat
    61 | D        | Reached skill level 19 in Spellcasting
    61 | D        | Reached skill level 22 in Necromancy
    61 | D        | Reached skill level 19 in Translocations
    61 | D        | Reached skill level 19 in Transmutations
    61 | D        | Reached skill level 19 in Fire Magic
    61 | D        | Reached skill level 19 in Ice Magic
    61 | D        | Reached skill level 19 in Air Magic
    61 | D        | Reached skill level 19 in Earth Magic
    61 | D        | Noticed a dread
    61 | D        | Killed a tyrant
    61 | D        | Killed a destroyer
    62 | D        | Reached skill level 19 in Throwing
    62 | D        | Reached skill level 21 in Stealth
    62 | D        | Reached skill level 21 in Conjurations
    62 | D        | Reached skill level 21 in Hexes
    62 | D        | Reached skill level 21 in Summonings
    62 | D        | Reached skill level 21 in Poison Magic
    62 | D        | Reached skill level 26 in Invocations
    62 | D        | Reached skill level 21 in Evocations
    62 | D        | Gained mutation: You are surrounded by an aura of silence.
                  | [demonic ancestry]
    62 | D        | Reached XP level 25. HP: 222/234 MP: 46/46
    62 | D        | Noticed a tyrant
    62 | D        | Noticed a meat beast
    63 | D        | Noticed a large bag of meat
    64 | D        | Reached skill level 20 in Maces & Flails
    64 | D        | Reached skill level 20 in Unarmed Combat
    64 | D        | Reached skill level 23 in Necromancy
    64 | D        | Reached skill level 27 in Invocations
    64 | D        | Killed The Captor
    64 | D        | Noticed a meat beast
    64 | D        | Noticed a large bag of meat
    64 | D        | Noticed a large bag of meat
    65 | D        | Reached skill level 21 in Short Blades
    65 | D        | Reached skill level 21 in Long Blades
    65 | D        | Reached skill level 21 in Maces & Flails
    65 | D        | Reached skill level 21 in Polearms
    65 | D        | Reached skill level 21 in Staves
    65 | D        | Reached skill level 21 in Ranged Weapons
    65 | D        | Reached skill level 20 in Throwing
    65 | D        | Reached skill level 21 in Armour
    65 | D        | Reached skill level 22 in Stealth
    65 | D        | Reached skill level 21 in Shields
    65 | D        | Reached skill level 21 in Unarmed Combat
    65 | D        | Reached skill level 21 in Spellcasting
    65 | D        | Reached skill level 22 in Conjurations
    65 | D        | Reached skill level 22 in Hexes
    65 | D        | Reached skill level 22 in Summonings
    65 | D        | Reached skill level 24 in Necromancy
    65 | D        | Reached skill level 21 in Translocations
    65 | D        | Reached skill level 21 in Transmutations
    65 | D        | Reached skill level 21 in Fire Magic
    65 | D        | Reached skill level 21 in Ice Magic
    65 | D        | Reached skill level 21 in Air Magic
    65 | D        | Reached skill level 21 in Earth Magic
    65 | D        | Reached skill level 22 in Poison Magic
    65 | D        | Reached skill level 22 in Evocations
    65 | D        | Gained mutation: A meltable icy envelope protects you from
                  | harm. (AC +0) [demonic ancestry]
    65 | D        | Reached XP level 26. HP: 190/242 MP: 46/48
    65 | D        | Upgraded the game from 0.30-a0-187-gd9c2deaf24 to
                  | 0.30-a0-250-g41c1d76940
    65 | D        | magus.rc [v1.9.6]
    65 | D        | Noticed a large bag of meat
    66 | D        | Reached skill level 21 in Throwing
    66 | D        | Reached skill level 23 in Stealth
    66 | D        | Killed a meat beast
    66 | D        | Noticed a destroyer
    67 | D        | Reached skill level 22 in Shields
    67 | D        | Reached skill level 22 in Unarmed Combat
    67 | D        | Reached skill level 23 in Conjurations
    67 | D        | Reached skill level 23 in Hexes
    67 | D        | Reached skill level 23 in Summonings
    67 | D        | Reached skill level 25 in Necromancy
    67 | D        | Reached skill level 23 in Poison Magic
    67 | D        | Reached skill level 23 in Evocations
    67 | D        | Noticed a meat beast
    67 | D        | Noticed a dread
    67 | D        | Noticed a destroyer
    68 | D        | Killed a large bag of meat
    68 | D        | Noticed a tyrant
    68 | D        | Noticed a large bag of meat
    69 | D        | Reached skill level 22 in Short Blades
    69 | D        | Reached skill level 22 in Long Blades
    69 | D        | Reached skill level 22 in Maces & Flails
    69 | D        | Reached skill level 22 in Polearms
    69 | D        | Reached skill level 22 in Staves
    69 | D        | Reached skill level 22 in Ranged Weapons
    69 | D        | Reached skill level 22 in Throwing
    69 | D        | Reached skill level 22 in Armour
    69 | D        | Reached skill level 24 in Stealth
    69 | D        | Reached skill level 22 in Spellcasting
    69 | D        | Reached skill level 24 in Conjurations
    69 | D        | Reached skill level 24 in Hexes
    69 | D        | Reached skill level 24 in Summonings
    69 | D        | Reached skill level 22 in Translocations
    69 | D        | Reached skill level 22 in Transmutations
    69 | D        | Reached skill level 22 in Fire Magic
    69 | D        | Reached skill level 22 in Ice Magic
    69 | D        | Reached skill level 22 in Air Magic
    69 | D        | Reached skill level 22 in Earth Magic
    69 | D        | Reached skill level 24 in Poison Magic
    69 | D        | Reached skill level 24 in Evocations
    69 | D        | Reached XP level 27. HP: 211/249 MP: 46/49
    69 | D        | Noticed a destroyer
    69 | D        | Killed a meat beast
    69 | D        | Noticed a meat beast
    69 | D        | Noticed a dread
    69 | D        | HP: 62/249 [??? (59)]
    70 | D        | Reached skill level 23 in Short Blades
    70 | D        | Reached skill level 23 in Long Blades
    70 | D        | Reached skill level 23 in Maces & Flails
    70 | D        | Reached skill level 23 in Polearms
    70 | D        | Reached skill level 23 in Staves
    70 | D        | Reached skill level 23 in Ranged Weapons
    70 | D        | Reached skill level 23 in Throwing
    70 | D        | Reached skill level 23 in Armour
    70 | D        | Reached skill level 25 in Stealth
    70 | D        | Reached skill level 23 in Shields
    70 | D        | Reached skill level 23 in Unarmed Combat
    70 | D        | Reached skill level 23 in Spellcasting
    70 | D        | Reached skill level 25 in Conjurations
    70 | D        | Reached skill level 25 in Hexes
    70 | D        | Reached skill level 25 in Summonings
    70 | D        | Reached skill level 26 in Necromancy
    70 | D        | Reached skill level 23 in Translocations
    70 | D        | Reached skill level 23 in Transmutations
    70 | D        | Reached skill level 23 in Fire Magic
    70 | D        | Reached skill level 23 in Ice Magic
    70 | D        | Reached skill level 23 in Air Magic
    70 | D        | Reached skill level 23 in Earth Magic
    70 | D        | Reached skill level 25 in Poison Magic
    70 | D        | Reached skill level 25 in Evocations
    70 | D        | Noticed a large bag of meat
    70 | D        | Killed a destroyer
    70 | D        | Killed a destroyer
    70 | D        | Noticed a meat beast
    70 | D        | HP: 29/249 [meat beast (6)]
    70 | D        | Noticed a destroyer
    70 | D        | Noticed a large bag of meat
    70 | D        | Noticed a large bag of meat
    70 | D        | Noticed a tyrant
    71 | D        | Reached skill level 27 in Necromancy
    71 | D        | Killed a large bag of meat
    71 | D        | Killed a meat beast
    71 | D        | Noticed a destroyer
    71 | D        | HP: 14/249 [??? (12)]
    72 | D        | Reached skill level 24 in Short Blades
    72 | D        | Reached skill level 24 in Long Blades
    72 | D        | Reached skill level 24 in Maces & Flails
    72 | D        | Reached skill level 24 in Polearms
    72 | D        | Reached skill level 24 in Staves
    72 | D        | Reached skill level 24 in Ranged Weapons
    72 | D        | Reached skill level 24 in Armour
    72 | D        | Reached skill level 26 in Stealth
    72 | D        | Reached skill level 24 in Shields
    72 | D        | Reached skill level 24 in Unarmed Combat
    72 | D        | Reached skill level 24 in Spellcasting
    72 | D        | Reached skill level 26 in Conjurations
    72 | D        | Reached skill level 26 in Hexes
    72 | D        | Reached skill level 24 in Translocations
    72 | D        | Reached skill level 24 in Transmutations
    72 | D        | Reached skill level 24 in Fire Magic
    72 | D        | Reached skill level 24 in Ice Magic
    72 | D        | Reached skill level 24 in Air Magic
    72 | D        | Reached skill level 24 in Earth Magic
    72 | D        | Reached skill level 26 in Poison Magic
    72 | D        | Killed a dread
    72 | D        | Noticed an accursed
    72 | D        | Noticed a destroyer
    73 | D        | Reached skill level 24 in Throwing
    73 | D        | Reached skill level 26 in Summonings
    73 | D        | Reached skill level 26 in Evocations
    73 | D        | Killed a destroyer
    73 | D        | Noticed a large bag of meat
    74 | D        | Noticed an accursed
    75 | D        | Noticed a destroyer
    75 | D        | Killed a destroyer
    75 | D        | Noticed an accursed
    75 | D        | Killed a large bag of meat
    75 | D        | Noticed a tyrant
    75 | D        | Killed a large bag of meat
    75 | D        | Annihilated by a meat berserker

Vanquished Creatures
  3 hell beasts (D)
  A wraith (D)
  12 vampire knights (D)
  41 ogres (D)
  9 two-headed ogres (D)
  A lich (D)
  Sigmund (D)
  45 orcs (D)
  2 skeletal warriors (D)
115 creatures vanquished.

Vanquished Creatures (others)
  2 two-headed ogres (D)
  A hydra (D)
  2 orcs (D)
5 creatures vanquished.

Grand Total: 120 creatures vanquished

Table legend:
 A = Non-vault XP
 B = Vault XP
 C = Vault XP percentage of total XP
 D = Non-vault monster count
 E = Vault monster count
 F = Vault count percentage of total count
                 A         B        C        D         E       F
            +---------+---------+-------+---------+---------+-------
      Total | 1259919 |  668569 |  34.7 |      58 |      57 |  49.6
            +---------+---------+-------+---------+---------+-------
          D | 1259919 |  668569 |  34.7 |      58 |      57 |  49.6
            +---------+---------+-------+---------+---------+-------

Illustrated notes

Table legend:
 A = Kills in this place as a percentage of kills in entire the game.
 B = Kills by you in this place as a percentage of kills by you in the entire game.
 C = Kills by friends in this place as a percentage of kills by friends in the entire game.
 D = Other kills in this place as a percentage of other kills in the entire game.
 E = Experience gained in this place as a percentage of experience gained in the entire game.
 F = Experience gained in this place divided by the number of levels of this place that you have seen.
                   A       B       C       D       E      F
               +-------+-------+-------+-------+-------+----------------------
         Total | 100.0 | 100.0 |   N/A |   N/A | 100.0 | 1928488.0
       Dungeon | 100.0 | 100.0 |   N/A |   N/A | 100.0 | 1928488.0
               +-------+-------+-------+-------+-------+----------------------

Table legend: (Time is in decaauts)
 A = Elapsed time spent in this place.
 B = Non-inter-level travel time spent in this place.
 C = Inter-level travel time spent in this place.
 D = Time resting spent in this place.
 E = Time spent auto-exploring this place.
 F = Levels seen in this place.
 G = Mean time per level.
                   A        B        C        D        E       F      G
               +--------+--------+--------+--------+--------+-----+--------+
         Total |     61 |     61 |      0 |      0 |      0 |   1 |   61.0 |
       Dungeon |     61 |     61 |      0 |      0 |      0 |   1 |   61.0 |
               +--------+--------+--------+--------+--------+-----+--------+

Top non-repeatable levels by time:
       D: 61 daAuts
